 Dungeon Crawl Stone Soup version 0.17.2 (webtiles) character file.

169 Goblin1989 the Insei (level 5, -7/41 HPs)
             Began as a Demonspawn Monk on July 9, 2016.
             Mangled by an orc warrior
             ... wielding a cursed +0 hand axe
              (17 damage)
             ... on level 3 of the Dungeon.
             The game lasted 00:04:33 (1832 turns).

Goblin1989 the Insei (Demonspawn Monk)              Turns: 1832, Time: 00:04:34

Health: -7/41      AC:  8    Str: 13    XL:     5   Next: 25%
Magic:  5/5        EV: 11    Int: 11    God:
Gold:   116        SH:  0    Dex: 15    Spells: 0 memorised, 4 levels left

rFire  + . .     SeeInvis .       - Unarmed
rCold  . . .     Clarity  .     j - +0 ring mail
rNeg   . . .     SustAt   .     (no shield)
rPois  .         Gourm    .     p - +2 helmet
rElec  .         Spirit   .     (no cloak)
rCorr  .         Warding  .     (no gloves)
rMut   .         Stasis   .     (no boots)
MR     .....                    (no amulet)
Stlth  +.........               (no ring)
                                (no ring)

@: not resistant to hostile enchantments, very unstealthy
A: fire resistance 1, spiny 1
a: no special abilities


You were on level 3 of the Dungeon.
You were not hungry.

You visited 1 branch of the dungeon, and saw 3 of its levels.

You collected 116 gold pieces.

Inventory:

Armour
 j - a +0 ring mail (worn)
 p - a +2 helmet (worn)
Jewellery
 d - an uncursed ring of ice
Scrolls
 a - 4 scrolls of identify {unknown}
 f - 2 scrolls of amnesia {unknown}
 g - 2 scrolls of enchant weapon {unknown}
 i - a scroll of recharging {unknown}
 k - a scroll of random uselessness {unknown}
 o - 2 scrolls of remove curse {unknown}
Potions
 c - a potion of mutation {unknown}
 e - a potion of curing {unknown}
 l - a potion of invisibility {unknown}
 m - a potion of resistance {unknown}
 n - a potion of haste {unknown}
 q - a potion of brilliance {unknown}
 r - 2 potions of berserk rage {unknown}
Comestibles
 b - a bread ration
 h - a royal jelly


   Skills:
 - Level 3.0 Fighting
 - Level 2.6 Dodging
 - Level 1.7 Stealth
 + Level 6.0 Unarmed Combat


You had 4 spell levels left.
You didn't know any spells.

Dungeon Overview and Level Annotations

Branches:
Dungeon (3/15)

Altars:
Ashenzari
Zin


Innate Abilities, Weirdness & Mutations

Your flesh is heat resistant.
You are partially covered in sharp spines.


Message History

The orc warrior hits you with a hand axe!
The orc throws a tomahawk.
The tomahawk hits you but does no damage.
The orc priest miscasts a cantrip.
You take 8 damage, and have 17/41 hp.
You hit the orc warrior but do no damage.
The orc throws a tomahawk.
The tomahawk misses you.
You punch the orc warrior!
You punch the orc warrior, but do no damage.
The orc warrior hits you with a hand axe!
* * * LOW HITPOINT WARNING * * *
A goblin comes into view. It is wielding a club.
You take 8 damage, and have 9/41 hp.
You barely miss the orc warrior.
The orc throws a tomahawk.
The tomahawk barely misses you.
The orc warrior hits you but does no damage.
The goblin moves out of view.
You closely miss the orc warrior.
The orc warrior hits you with a hand axe!
You die...

(. #..............)).#
...### #........#..#......
.....?# #.......##..#...<.(
.......##.................>
#.#..........##.........
#...#........[..##.#####
###..#.......... #.#
##....(.#...... #.
#......@####.. .. ##....oo#
.. ######Kg# ##o.# o.!.
..... ....... ...#...
.......


You could see an orc warrior, an orc priest, 2 orcs, a goblin and a kobold.

Vanquished Creatures
  An orc priest (D:3)
  Robin (D:2)
  6 adders (D:2)
  An ooze (D:2)
  3 worms
  3 orcs (D:3)
  5 bats
  18 goblins
  9 hobgoblins
  3 jackals (D:2)
  10 kobolds
  2 quokkas (D:3)
  A giant cockroach (D:1)
  2 giant newts (D:1)
  4 rats
69 creatures vanquished.

Notes
Turn   | Place    | Note
--------------------------------------------------------------
     0 | D:1      | Goblin1989 the Demonspawn Monk began the quest for the Orb.
     0 | D:1      | Reached XP level 1. HP: 18/18 MP: 1/1
   146 | D:1      | You fall through a shaft!
   167 | D:2      | Reached skill level 4 in Unarmed Combat
   167 | D:2      | Gained mutation: You are partially covered in sharp spines. [demonic ancestry]
   167 | D:2      | Reached XP level 2. HP: 16/24 MP: 2/2
   270 | D:2      | Found a glowing silver altar of Zin.
   270 | D:2      | Found a shattered altar of Ashenzari.
   517 | D:1      | Gained mutation: Your flesh is heat resistant. [demonic ancestry]
   517 | D:1      | Reached XP level 3. HP: 25/29 MP: 3/3
   817 | D:2      | Reached skill level 5 in Unarmed Combat
  1002 | D:2      | Reached XP level 4. HP: 28/35 MP: 4/4
  1567 | D:3      | Noticed Robin
  1597 | D:2      | Killed Robin
  1813 | D:3      | Reached XP level 5. HP: 28/41 MP: 5/5
  1816 | D:3      | Reached skill level 6 in Unarmed Combat
  1819 | D:3      | Noticed an orc warrior
  1832 | D:3      | Mangled by an orc warrior

Action                   |  1- 3 |  4- 6 || total
-------------------------+-------+-------++-------
Melee: Unarmed           |    70 |    72 ||   142
 Stab: Sleeping          |     2 |       ||     2
  Eat: Chunk             |       |     3 ||     3
